 Dungeon Crawl Stone Soup version 0.21-a0-529-g8c7b3f5 (webtiles) character file.

28 slep the Chopper (level 2, -5/22 HPs)
             Began as a Demonspawn Gladiator on Dec 10, 2017.
             Splashed by a jelly's acid (9 damage)
             ... on level 2 of the Dungeon.
             The game lasted 00:02:02 (669 turns).

slep the Chopper (Demonspawn Gladiator)              Turns: 669, Time: 00:02:04

Health: -5/22      AC:  4    Str: 14    XL:     2   Next: 96%
Magic:  2/2        EV: 13    Int:  9    God:    Xom [..*...]
Gold:   108        SH:  0    Dex: 14    Spells: 1/1 levels left

rFire    . . .     SeeInvis .   a - +0 war axe
rCold    . . .     Gourm    .   (no shield)
rNeg     . . .     Faith    .   b - +0 leather armour
rPois    .         Spirit   .   c - +0 helmet
rElec    .         Reflect  .   (no cloak)
rCorr    .         Harm     .   (no gloves)
MR       .....     Rnd*Tele +   (no boots)
Stlth    ..........             (no amulet)
HPRegen  0.07/turn              i - ring of teleportation (curse)
MPRegen  0.08/turn              n - ring of loudness (curse)

@: no status effects
A: hooves 1
a: Renounce Religion


You were on level 2 of the Dungeon.
You worshipped Xom.
You were a toy of Xom.
You were not hungry.

You visited 1 branch of the dungeon, and saw 2 of its levels.

You collected 108 gold pieces.

Inventory:

Hand Weapons
 a - a +0 war axe (weapon)
Missiles
 d - 3 throwing nets (quivered)
Armour
 b - a +0 leather armour (worn)
 c - a +0 helmet (worn)
Jewellery
 i - a cursed ring of teleportation (left hand)
 n - a cursed ring of loudness (right hand)
Scrolls
 e - a scroll of immolation {unknown}
 h - 4 scrolls of remove curse {unknown}
 j - a scroll of identify {unknown}
 m - a scroll of noise {unknown}
Potions
 g - a potion of curing {unknown}
Comestibles
 f - a bread ration
 k - a royal jelly
 l - 3 fruits


   Skills:
 + Level 2.1 Fighting
 + Level 3.2 Axes
 + Level 1.7 Throwing
 + Level 0.3 Armour
 + Level 3.0 Dodging
 + Level 0.4 Stealth


You had one spell level left.
You didn't know any spells.

Dungeon Overview and Level Annotations

Branches:
Dungeon (2/15)

Altars:
Xom


Innate Abilities, Weirdness & Mutations

You have large cloven feet.


Message History

You see here an agate ring.
n - an agate ring Put on which piece of jewellery? (? for menu, Esc to quit)
You feel slightly jumpy.
Oops, that ring feels deathly cold.
i - a cursed ring of teleportation (left hand) Put on which piece of jewellery? (? for menu, Esc to quit)
Oops, that ring feels deathly cold.
n - a cursed ring of loudness (right hand)
The jelly misses you.
You hit the jelly.
Your hands burn!
The jelly is lightly wounded.
The jelly hits you.
You are splashed with acid!
The acid burns!
You hit the jelly.
Your hands burn!
* * * LOW HITPOINT WARNING * * *
The jelly is moderately wounded.
The jelly hits you.
* * * LOW HITPOINT WARNING * * *
You are splashed with acid!
The acid burns!
You die...
Xom snickers!

#..... .#
#..... . #....
#. ####... ##.
#....#
...##....#####
.#.#.........#
.......J@..#
.#.#'#####.#
+.......#.#
#.......#.#
#.......#.#
#.........#
#.........#
#.#.......#
####'#.......#


You could see a jelly.

Vanquished Creatures
  An adder skeleton (D:2)
  A leopard gecko (D:2)
  A ball python (D:1)
  4 giant cockroaches
  3 goblins
  2 hobgoblins (D:1)
  2 jackals (D:2)
  3 bats
  A kobold (D:1)
  4 rats (D:1)
22 creatures vanquished.

Notes
Turn   | Place    | Note
-------+----------+-------------------------------------------
     0 | D:1      | slep the Demonspawn Gladiator began the quest for the Orb.
     0 | D:1      | Reached XP level 1. HP: 16/16 MP: 1/1
   191 | D:1      | Gained mutation: You have large cloven feet. [demonic ancestry]
   191 | D:1      | Reached XP level 2. HP: 12/22 MP: 2/2
   613 | D:2      | Found a faded altar of an unknown god.
   630 | D:2      | Became a worshipper of Xom of Chaos
   669 | D:2      | Splashed by a jelly's acid

Vault maps used:
D:1:      dpeg_arrival_boxes_within_box, st_stairs_1, grunt_decor_arrowhead
D:2:      chequers_ecumenical_altar_simple_redux, okawaru_trees_2

Skill      XL: |  1  2 |
---------------+-------+-----
Axes           | 3 |  3.2
Dodging        | 3 |  3.0
Fighting       | |  2.1
Throwing       | |  1.7
Armour         | |  0.3
Stealth        | |  0.4

Action                   || total
-------------------------++-------
Melee: War axe           ||    60
       Kick              ||    11
 Stab: Distracted        ||     1
Armor: Leather armour    ||    17
Dodge: Dodged            ||    40

Table legend:
 A = Spawn XP
 B = Non-spawn XP
 C = Spawn XP percentage of total XP
 D = Spawn monster count
 E = Non-spawn monster count
 F = Spawn count percentage of total count
 G = Total turns spent on level
                    A         B        C        D         E        F      G
               +---------+---------+-------+---------+---------+-------+---------
         Total |       0 |      40 |   0.0 |       0 |      22 |   0.0 |   669
               +---------+---------+-------+---------+---------+-------+---------
           D:1 |       0 |      23 |   0.0 |       0 |      15 |   0.0 |   584
           D:2 |       0 |      17 |   0.0 |       0 |       7 |   0.0 |    85
               +---------+---------+-------+---------+---------+-------+---------
